 Dungeon Crawl Stone Soup version 0.28.0-53-g5a82cb258f (webtiles) character file.

Game seed: 9836610881785008504

125 Descartes the Cutter (level 5, -6/36 HPs)
             Began as an Octopode Wanderer on June 11, 2022.
             Mangled by a gnoll
             ... wielding a +0 spear
              (7 damage)
             ... on level 3 of the Dungeon.
             The game lasted 00:02:34 (2238 turns).

Descartes the Cutter (Octopode Wanderer)            Turns: 2238, Time: 00:02:34

Health: -6/36      AC:  1    Str: 10    XL:     5   Next: 9%
Magic:  9/9        EV: 13    Int: 14    God:
Gold:   89         SH:  0    Dex: 15    Spells: 9/10 levels left

rFire   . . .      SeeInvis +   a - +2 short sword
rCold   . . .      Faith    .   (no shield)
rNeg    . . .      Spirit   .   b - +0 hat
rPois   .          Reflect  .   (no amulet)
rElec   .          Harm     .   d - ring of see invisible
rCorr   .          Rampage  .   (no ring)
Will    .....                   (no ring)
Stlth   +++.......              (no ring)
HPRegen 0.12/turn               (no ring)
MPRegen 0.11/turn               (no ring)
                                (no ring)
                                (no ring)

@: no status effects
A: almost no armour, amphibious, 8 rings, camouflage 1, gelatinous body 1,
(nimble swimmer 1), tentacles
a: no special abilities


You were on level 3 of the Dungeon.
You visited 1 branch of the dungeon, and saw 3 of its levels.

You collected 89 gold pieces.

Inventory:

Hand Weapons
 a - a +2 short sword (weapon)
Missiles
 f - 36 stones
 g - 28 bolts
 i - 5 poisoned darts
 j - 19 sling bullets
 k - 2 silver javelins
Armour
 b - a +0 hat (worn)
Jewellery
 d - a ring of see invisible (left tentacle)
Scrolls
 c - 2 scrolls of teleportation {unknown}
 e - 2 scrolls of amnesia {unknown}
 l - 2 scrolls of identify {unknown}
Potions
 h - a potion of curing {unknown}


   Skills:
 + Level 2.9 Fighting
 + Level 3.6 Short Blades
 + Level 1.7 Dodging
 + Level 3.4 Stealth
 + Level 1.0 Shields
 + Level 3.1 Spellcasting
 - Level 1.0 Summonings


You had 9 spell levels left.
You knew the following spells:

 Your Spells              Type           Power      Damage    Failure   Level
a - Summon Small Mammal   Summ           20%        N/A       14%         1

Your spell library contained the following spells:

 Spells                   Type           Power      Damage    Failure   Level
 Call Canine Familiar     Summ           5%         N/A       38%         3


Dungeon Overview and Level Annotations

Branches:
Dungeon (3/15)

Altars:

Shops:
D:2 (


Innate Abilities, Weirdness & Mutations

You cannot wear most types of armour.
You are amphibious.
You can wear up to eight rings at the same time.
Your skin changes colour to match your surroundings (Stealth+).
Your rubbery body absorbs attacks. (AC +1, EV +1)
((You are camouflaged when in or above water. (Stealth+)))
You have tentacles for arms and can constrict up to eight enemies at once.


Message History

The gnoll is severely wounded.
You constrict the gnoll. The gnoll hits you with a +0 club.
You hit the gnoll.
You kill the gnoll!
You have reached level 5!
You feel agile.
You hit the gnoll. You grab the gnoll.
The gnoll is lightly wounded.
You constrict the gnoll, but do no damage.
The gnoll hits you with a +2 whip of draining.
You feel drained. The gnoll completely misses you.
You hit the gnoll.
The gnoll is heavily wounded.
You constrict the gnoll. The gnoll barely misses you.
The gnoll closely misses you.
You hit the gnoll.
The gnoll is almost dead.
You constrict the gnoll.
You kill the gnoll!
The gnoll hits you from afar with a +0 spear!
Your life force feels restored.
Your Shields skill increases to level 1!
The gnoll hits you with a +0 spear.
Items here: )) ††.
You closely miss the gnoll. Your grab misses the gnoll. You squeeze the gnoll.
The gnoll is lightly wounded.
The gnoll barely misses you.
You hit the gnoll. Your grab misses the gnoll.
The gnoll is lightly wounded.
The gnoll hits you with a +0 spear.
* * * LOW HITPOINT WARNING * * *
You barely miss the gnoll. Your grab misses the gnoll.
The gnoll is lightly wounded.
The gnoll hits you with a +0 spear!
* * * LOW HITPOINT WARNING * * *
The gnoll closely misses you.
Things that are here:
a +0 spear; a gnoll corpse The gnoll hits you from afar with a +0 spear!
You die...

### ..# #.#
#######.###
#..))g....#
#.####†..=###
# #..@....+
#.....###
#.###.#.#.#
#......<..#
#####.#####
#. #. #. #.


You could see a gnoll.

Vanquished Creatures
  3 adders
  3 gnolls (D:3)
  3 worms
  3 dart slugs
  3 ball pythons
  An endoplasm (D:2)
  4 giant cockroaches
  5 goblins
  10 hobgoblins
  A quokka (D:2)
  10 bats
  2 frilled lizards
  4 kobolds
  2 rats (D:1)
54 creatures vanquished.

Notes
Turn   | Place    | Note
-------+----------+-------------------------------------------
     0 | D:1      | Descartes the Octopode Wanderer began the quest for the
                  | Orb.
     0 | D:1      | Descartes set off with the following items: a +2 short
                  | sword, a +0 hat; and the following spell memorised: Summon
                  | Small Mammal; and the following spells available to
                  | memorise: Call Canine Familiar
     0 | D:1      | Reached XP level 1. HP: 14/14 MP: 4/4
    95 | D:1      | Reached XP level 2. HP: 6/19 MP: 6/6
   623 | D:1      | Reached skill level 1 in Dodging
   781 | D:1      | Reached XP level 3. HP: 25/25 MP: 7/7
  1388 | D:2      | Found Girir's Antique Weapon Emporium.
  1426 | D:2      | Reached XP level 4. HP: 18/30 MP: 8/8
  2227 | D:3      | Reached XP level 5. HP: 27/36 MP: 9/9
  2230 | D:3      | Reached skill level 1 in Shields
  2233 | D:3      | HP: 1/36 [gnoll/+0 spear (7)]
  2238 | D:3      | Mangled by a gnoll

Illustrated notes

Levels and vault maps discovered:
D:1:      beargit_arrival_greenhouse, layout_loops_cross,
          minmay_misc_feat_hallway, st_stairs_6, minmay_hexomino_f4
D:2:      layout_loops_ring, serial_shops, shop
D:3:      minmay_chambers_of_twos, layout_loops_corners,
          nicolae_ecumenical_lake_church, minmay_fractal_squares_5, uniq_grinder

Skill      XL: |  1  2  3  4  5 |
---------------+----------------+-----
Stealth        | 2 3 |  3.4
Dodging        | 1 |  1.7
Shields        | 1 |  1.0
Fighting       | |  2.9
Short Blades   | |  3.6
Spellcasting   | |  3.1
Summonings     | |  1.0

Action                   |  1- 3 |  4- 6 || total
-------------------------+-------+-------++-------
Melee: Short sword       |    65 |    37 ||   102
       Tentacles         |    11 |     4 ||    15
       Constrict         |    15 |     5 ||    20
 Stab: Sleeping          |     9 |     9 ||    18
Armor: Skin              |     3 |       ||     3
Dodge: Dodged            |    31 |    20 ||    51
